 Dungeon Crawl Stone Soup version 0.28-a0-595-g9f6c0e134a (webtiles) character file.

Game seed: 4522387373402525443

112 meatgazer the Skirmisher (level 4, -5/42 HPs)
             Began as a Hill Orc Fighter on Sept 29, 2021.
             Was an Initiate of Beogh.
             Slain by a kobold brigand (8 damage)
             ... on level 4 of the Dungeon on Oct 4, 2021.
             The game lasted 00:06:42 (3504 turns).

meatgazer the Skirmisher (Hill Orc Fighter)         Turns: 3504, Time: 00:06:43

Health: -5/42      AC: 10    Str: 19    XL:     4   Next: 95%
Magic:  4/4        EV:  9    Int:  8    God:    Beogh [......]
Gold:   116        SH:  0    Dex: 16    Spells: 3/3 levels left

rFire   . . .      SeeInvis .   a - +0 war axe (flame)
rCold   . . .      Faith    .   (no shield)
rNeg    . . .      Spirit   .   b - +0 scale mail
rPois   .          Reflect  .   i - +0 helmet
rElec   .          Harm     .   e - +1 cloak
rCorr   .          Rampage  .   (no gloves)
Will    .....                   (no boots)
Stlth   ..........              (no amulet)
HPRegen 0.14/turn               j - +6 ring of dexterity
MPRegen 0.09/turn               (no ring)

@: lethally poisoned (-5 -> -6)
A: no striking features
a: Renounce Religion


You were on level 4 of the Dungeon.
You worshipped Beogh.
Beogh was noncommittal.
You visited 1 branch of the dungeon, and saw 4 of its levels.

You collected 116 gold pieces.

Inventory:

Hand Weapons
 a - a +0 war axe of flaming (weapon)
Armour
 b - a +0 scale mail (worn)
 c - a +0 buckler
 e - a +1 cloak (worn)
 i - a +0 helmet (worn)
Jewellery
 j - a +6 ring of dexterity (left hand)
Scrolls
 g - a scroll of immolation
 h - a scroll of amnesia
Potions
 d - a potion of might
 f - a potion of attraction


   Skills:
 * Level 5.0 Fighting
 * Level 4.6 Axes
 - Level 3.2 Armour
 + Level 3.9 Shields


You had 3 spell levels left.
You didn't know any spells.
Your spell library contained the following spells:

 Spells                   Type           Power      Damage    Failure   Level
 Corpse Rot               Necr/Air       N/A        N/A       88%         2
 Poisonous Vapours        Pois/Air       0%         N/A       88%         2
 Call Canine Familiar     Summ           0%         N/A       98%         3
 Portal Projectile        Hex/Tloc       0%         N/A       98%         3
 Leda's Liquefaction      Hex/Erth       0%         N/A       100%        4


Dungeon Overview and Level Annotations

Branches:
Dungeon (4/15)
 Temple: D:4-7

Altars:

Shops:
D:3 ?


Message History

Found 19 stones.
A kobold brigand comes into view.
It is wielding a +3 dagger and quivering poisoned darts.
Found a stone staircase leading down.
The kobold brigand shouts!
You see here 19 stones.
The kobold brigand throws a poisoned dart.
The poisoned dart hits you!
You are poisoned.
You feel sick.
The kobold brigand throws a poisoned dart.
The poisoned dart hits you!
You are more poisoned.
There is a stone staircase leading down here.
You feel very sick.
The kobold brigand hits you with a +3 dagger!
You slash the kobold brigand! You burn the kobold brigand.
The kobold brigand is severely wounded.
You feel very sick.
The kobold brigand hits you with a +3 dagger. x2
You closely miss the kobold brigand.
The kobold brigand is severely wounded.
You feel very sick. The kobold brigand barely misses you.
You hit the kobold brigand. You burn the kobold brigand.
The kobold brigand is severely wounded.
You feel sick. The kobold brigand closely misses you.
You hit the kobold brigand. You burn the kobold brigand.
The kobold brigand is almost dead.
You feel sick.
The kobold brigand hits you but does no damage.
You barely miss the kobold brigand.
The kobold brigand is almost dead.
You feel sick.
The kobold brigand hits you with a +3 dagger!
* * * LOW HITPOINT WARNING * * *
You completely miss the kobold brigand.
The kobold brigand is almost dead.
You feel sick.
The kobold brigand hits you with a +3 dagger!
You die...

### ..# #.# #.# + ... #.
#.# #..##K# #....@#
##########..##>#
.##<......######.###.##
....#.##..##...(........
..#.†.....##.#######.###
.>###.##.###.#
......##.##..#
#.####.......# #.......#


You could see a kobold brigand.

Vanquished Creatures
  5 adders
  3 worms (D:3)
  A dart slug (D:3)
  4 orcs (D:3)
  7 endoplasms
  A giant cockroach (D:1)
  6 goblins
  7 hobgoblins
  3 jackals (D:4)
  A quokka (D:2)
  5 ball pythons
  5 bats
  3 rats
51 creatures vanquished.

Vanquished Creatures (others)
  A giant cockroach (D:3)
1 creature vanquished.

Grand Total: 52 creatures vanquished

Notes
Turn   | Place    | Note
-------+----------+-------------------------------------------
     0 | D:1      | meatgazer the Hill Orc Fighter began the quest for the Orb.
     0 | D:1      | Reached XP level 1. HP: 19/19 MP: 1/1
   334 | D:1      | Upgraded the game from 0.28-a0-563-gf77a47075d to
                  | 0.28-a0-595-g9f6c0e134a
   357 | D:1      | Reached XP level 2. HP: 27/27 MP: 2/2
   964 | D:1      | Found a faded altar of an unknown god.
   996 | D:1      | Reached skill level 4 in Fighting
  1496 | D:2      | Reached XP level 3. HP: 32/33 MP: 3/3
  2602 | D:3      | Reached XP level 4. HP: 41/41 MP: 4/4
  2671 | D:3      | Became a worshipper of Beogh the Brigand
  2988 | D:3      | Found Egeaz's Magic Scroll Boutique.
  3476 | D:4      | Reached skill level 5 in Fighting
  3495 | D:4      | Noticed a kobold brigand
  3504 | D:4      | Slain by a kobold brigand

Illustrated notes

Levels and vault maps discovered:
D:1:      amcnicky_arrival_double_pillar, layout_basic,
          hellmonk_ecumenical_altar_prayer_group
D:2:      layout_loops_ring
D:3:      layout_rooms, cheibrodos_sewer_entry_bend, serial_shops, shop,
          serial_curves, eino_curves_04, eino_curves_03, eino_curves_02,
          eino_curves_02
D:4:      layout_loops_cross, zin_statuary, nicolae_wu_jian_glorious_leap,
          fedhas_ov_isle_minmay

Skill      XL: |  1  2  3  4 |
---------------+-------------+-----
Axes           | 3 4 |  4.6
Fighting       | 4 5 |  5.0
Armour         | |  3.2
Shields        | |  3.9

Action                   |  1- 3 |  4- 6 || total
-------------------------+-------+-------++-------
Melee: War axe           |    96 |    62 ||   158
Invok: Convert to Beogh  |       |     1 ||     1
  Use: Scroll            |     6 |     2 ||     8
       Potion            |     3 |     1 ||     4
Armor: Scale mail        |    54 |    42 ||    96
Dodge: Dodged            |    59 |    28 ||    87

Table legend: (Time is in decaauts)
 A = Elapsed time spent in this place.
 B = Non-inter-level travel time spent in this place.
 C = Inter-level travel time spent in this place.
 D = Time resting spent in this place.
 E = Time spent auto-exploring this place.
 F = Levels seen in this place.
 G = Mean time per level.
                   A        B        C        D        E       F      G
               +--------+--------+--------+--------+--------+-----+--------+
         Total |   3568 |   3477 |     91 |    672 |   2323 |   4 |  892.0 |
       Dungeon |   3568 |   3477 |     91 |    672 |   2323 |   4 |  892.0 |
               +--------+--------+--------+--------+--------+-----+--------+

Top non-repeatable levels by time:
     D:2: 1553 daAuts
     D:1: 1049 daAuts
     D:3: 925 daAuts
     D:4: 39 daAuts
